[Event "40th IND-chT Open 2020"]
[Site "Ahmedabad"]
[Date "2020.02.12"]
[Round "8.4"]
[White "Sengupta, Deep"]
[Black "Aansh Gupta"]
[Result "1-0"]
[ECO "A47"]
[WhiteElo "2534"]
[BlackElo "1900"]
[Annotator "RC"]
[PlyCount "73"]
[EventDate "2020.02.05"]
[EventCountry "IND"]
[SourceTitle "playchess.com"]
[Source "ChessBase"]
[SourceQuality "1"]
[TimeControl "5400+30"]

1. d4 Nf6 2. Bf4 b6 3. e3 Bb7 4. Nf3 e6 5. Bd3 Be7 6. h3 Nd5 7. Bh2 Nb4 8. Be2 Be4 9. Na3 f5 10. O-O Nd5 11. Nc4 O-O 12. Nfd2 b5 13. Na5 c5 14. Nxe4 fxe4 15. Nb3 Qb6 16. dxc5 Bxc5 17. Nxc5 Qxc5 18. Rc1 b4 19. Qd2 Rc8 20. c4 bxc3 21. bxc3 Nxc3 22. Bg4 Rc6 23. Bxb8 Rxb8 24. Qxd7 Qd5 25. Qe7 h5 26. Rxc3 hxg4 27. Rxc6 Qxc6 28. hxg4 Rb7 29. Qd8+ Kh7 30. Rd1 Rf7 31. Qh4+ Kg8 32. g5 Rd7 33. Rxd7 Qxd7 34. g6 Qd1+ 35. Kh2 Qd6+ 36. g3 Qd2 37. Qh7+ 1-0

[Event "40th IND-chT Open 2020"]
[Site "Ahmedabad"]
[Date "2020.02.12"]
[Round "8.7"]
[White "Visakh N R"]
[Black "Deepan Chakkravarthy J."]
[Result "0-1"]
[ECO "D51"]
[WhiteElo "2518"]
[BlackElo "2545"]
[Annotator "ChessBase"]
[PlyCount "128"]
[EventDate "2020.02.05"]
[EventCountry "IND"]
[SourceTitle "playchess.com"]
[Source "ChessBase"]
[SourceQuality "1"]
[TimeControl "5400+30"]

1. d4 d5 2. c4 e6 3. Nf3 Nf6 4. Nc3 Nbd7 5. Bg5 h6 6. Bh4 Bb4 7. cxd5 exd5 8. e3 g5 9. Bg3 Ne4 10. Nd2 Nxg3 11. hxg3 c6 12. Qc2 Nf6 13. a3 Be7 14. Nf3 Ng4 15. Bd3 Be6 16. O-O-O Qc7 17. e4 dxe4 18. Bxe4 O-O-O 19. Rhe1 Kb8 20. Rd2 Qa5 21. Qa4 Qxa4 22. Nxa4 Bd6 23. Nc3 Nxf2 24. Rxf2 Bxg3 25. Ref1 g4 26. Ne5 Bxf2 27. Rxf2 Rxd4 28. Bf5 h5 29. Bxe6 fxe6 30. Ne2 Rd5 31. Ng6 Rhd8 32. Nc3 Rf5 33. Rxf5 exf5 34. Ne2 Kc7 35. Nef4 Kd6 36. Kd2 h4 37. Nxh4 Ke5+ 38. Ke3 Rd1 39. g3 Re1+ 40. Ne2 Rb1 41. Nf4 b6 42. Nd3+ Kf6 43. Ng2 c5 44. Ngf4 c4 45. Nd5+ Kg5 46. Nc3 Rf1 47. Ne5 Re1+ 48. Ne2 b5 49. a4 c3 50. bxc3 bxa4 51. Nd3 Rb1 52. c4 a3 53. Nc3 Rg1 54. Kf2 Rh1 55. Kg2 Rd1 56. Nb4 Rd4 57. Nba2 Rxc4 58. Kf1 f4 59. gxf4+ Rxf4+ 60. Kg2 Kh4 61. Ne2 Rc4 62. Nac3 Rb4 63. Nc1 Rb2+ 64. Kg1 Rc2 0-1

[Event "40th IND-chT Open 2020"]
[Site "Ahmedabad"]
[Date "2020.02.12"]
[Round "8.8"]
[White "Swapnil, S. Dhopade"]
[Black "Sai Agni Jeevitesh, J."]
[Result "1-0"]
[ECO "E06"]
[WhiteElo "2495"]
[BlackElo "2310"]
[Annotator "RC"]
[PlyCount "134"]
[EventDate "2020.02.05"]
[EventCountry "IND"]
[SourceTitle "playchess.com"]
[Source "ChessBase"]
[SourceQuality "1"]
[TimeControl "5400+30"]

1. Nf3 d5 2. g3 Nf6 3. Bg2 e6 4. O-O Be7 5. c4 O-O 6. d4 c6 7. Nc3 dxc4 8. Ne5 Nbd7 9. Nxc4 Nb6 10. Ne5 Nfd5 11. e4 Nxc3 12. bxc3 c5 13. a4 cxd4 14. cxd4 f6 15. Nf3 f5 16. exf5 Rxf5 17. Re1 Qf8 18. Ra2 Bb4 19. Bd2 Bd7 20. Qb3 Bxd2 21. Rxd2 Bxa4 22. Qxe6+ Qf7 23. Qxf7+ Rxf7 24. Ne5 Re7 25. f4 Rd8 26. Ra1 a6 27. d5 Rd6 28. Rc1 g6 29. Kf2 Kg7 30. h4 Bb5 31. g4 Be8 32. Rc5 Kf8 33. Kg3 Nd7 34. Rc7 Nf6 35. Rxe7 Kxe7 36. Nc4 Rd8 37. d6+ Kf8 38. Bxb7 Bb5 39. Ne5 Ne8 40. d7 Nf6 41. g5 Nxd7 42. Bc6 Ke7 43. Bxb5 Nxe5 44. Re2 axb5 45. Rxe5+ Kf7 46. Rxb5 Rd7 47. Kg4 Kg7 48. h5 Ra7 49. Rb8 Rc7 50. h6+ Kf7 51. Kf3 Re7 52. Rh8 Ke6 53. Rg8 Ra7 54. Rf8 Ra3+ 55. Kg4 Rb3 56. Rf6+ Ke7 57. Ra6 Rb7 58. f5 gxf5+ 59. Kxf5 Kf7 60. Ra8 Rb5+ 61. Kg4 Rb1 62. Rh8 Rg1+ 63. Kf5 Rf1+ 64. Ke4 Re1+ 65. Kf3 Kg6 66. Rg8+ Kf5 67. g6 hxg6 1-0

[Event "40th IND-chT Open 2020"]
[Site "Ahmedabad"]
[Date "2020.02.12"]
[Round "8.10"]
[White "Harsha Bharathakoti"]
[Black "Das, Sayantan"]
[Result "1/2-1/2"]
[ECO "A14"]
[WhiteElo "2495"]
[BlackElo "2426"]
[Annotator "RC"]
[PlyCount "69"]
[EventDate "2020.02.05"]
[EventCountry "IND"]
[SourceTitle "playchess.com"]
[Source "ChessBase"]
[SourceQuality "1"]
[TimeControl "5400+30"]

1. c4 e6 2. Nf3 d5 3. g3 Nf6 4. b3 Be7 5. Bg2 O-O 6. O-O a5 7. Nc3 c6 8. d4 Nbd7 9. Qd3 b6 10. e4 Ba6 11. e5 Ne8 12. Rd1 b5 13. cxb5 cxb5 14. Nxb5 Nc7 15. a4 Rb8 16. Bd2 Nxb5 17. axb5 Bxb5 18. Bxa5 Qxa5 19. Rxa5 Bxd3 20. Rxd3 Rb7 21. Bf1 Rfb8 22. Be2 Rc8 23. Ra1 Nb8 24. Bd1 g6 25. h4 Kg7 26. Kf1 Bb4 27. Re3 Rbc7 28. Re2 Rc1 29. Rea2 R8c3 30. Rxc1 Rxc1 31. Ke2 Nc6 32. Rc2 Rxc2+ 33. Bxc2 Bc3 34. Ke3 Bb2 35. Bd3 1/2-1/2

[Event "40th IND-chT Open 2020"]
[Site "Ahmedabad"]
[Date "2020.02.12"]
[Round "8.11"]
[White "Thejkumar, M. S."]
[Black "Matta, Vinay Kumar"]
[Result "1/2-1/2"]
[ECO "E97"]
[WhiteElo "2438"]
[BlackElo "2319"]
[Annotator "ChessBase"]
[PlyCount "91"]
[EventDate "2020.02.05"]
[EventCountry "IND"]
[SourceTitle "playchess.com"]
[Source "ChessBase"]
[SourceQuality "1"]
[TimeControl "5400+30"]

1. d4 Nf6 2. c4 g6 3. Nc3 Bg7 4. e4 d6 5. Nf3 O-O 6. Be2 e5 7. O-O Nc6 8. d5 Ne7 9. Bg5 h6 10. Bxf6 Bxf6 11. b4 Kg7 12. c5 Ng8 13. Rc1 Be7 14. cxd6 Bxd6 15. Nb5 Bd7 16. Nxd6 cxd6 17. Nd2 Rc8 18. Qb3 Qg5 19. Qb2 Rxc1 20. Rxc1 Rc8 21. Rxc8 Bxc8 22. Nc4 Qd8 23. Qa3 Nf6 24. Bd3 b5 25. Qa5 Qxa5 26. Nxa5 a6 27. Bc2 Ne8 28. f3 Nc7 29. Kf2 f5 30. g3 fxe4 31. fxe4 Kf6 32. Ke3 Bd7 33. h4 Bg4 34. a4 Bd7 35. axb5 axb5 36. Kd2 Ke7 37. Bd3 g5 38. Be2 Kf6 39. Nb3 Ke7 40. Na1 Kf6 41. Nc2 g4 42. Ne3 h5 43. Nd1 Ke7 44. Nc3 Be8 45. Nd1 Bd7 46. Nc3 1/2-1/2

[Event "40th IND-chT Open 2020"]
[Site "Ahmedabad"]
[Date "2020.02.12"]
[Round "8.12"]
[White "Rahul Srivatshav P"]
[Black "Das, Arghyadip"]
[Result "0-1"]
[ECO "E70"]
[WhiteElo "2474"]
[BlackElo "2458"]
[Annotator "ChessBase"]
[PlyCount "82"]
[EventDate "2020.02.05"]
[EventCountry "IND"]
[SourceTitle "playchess.com"]
[Source "ChessBase"]
[SourceQuality "1"]
[TimeControl "5400+30"]

1. c4 g6 2. d4 Bg7 3. Nf3 Nf6 4. Nc3 O-O 5. e4 c5 6. d5 e6 7. Be3 exd5 8. cxd5 d6 9. Be2 Bg4 10. Nd2 Bxe2 11. Qxe2 a6 12. a4 Nbd7 13. O-O Ne5 14. h3 Re8 15. f4 Ned7 16. Qd3 Qc7 17. Rfe1 Rac8 18. Nc4 Nb6 19. a5 Nxc4 20. Qxc4 Re7 21. Bf2 Nh5 22. g3 Bd4 23. Kg2 Bxf2 24. Kxf2 Rce8 25. Kg2 f6 26. Re3 Kf8 27. Rf1 Qxa5 28. g4 b5 29. Qe2 Ng7 30. e5 f5 31. e6 b4 32. Ne4 Qb5 33. Qd1 Rd8 34. b3 Qb7 35. Qa1 Qxd5 36. gxf5 gxf5 37. Qf6+ Ke8 38. Rfe1 Nxe6 39. Rd3 Qxd3 40. Qxf5 Rg7+ 41. Kf2 Qf3+ 0-1

[Event "40th IND-chT Open 2020"]
[Site "Ahmedabad"]
[Date "2020.02.12"]
[Round "8.14"]
[White "Sahoo, Utkal Ranjan"]
[Black "Santu, Mondal"]
[Result "1-0"]
[ECO "A84"]
[WhiteElo "2336"]
[BlackElo "2093"]
[Annotator "ChessBase"]
[PlyCount "51"]
[EventDate "2020.02.05"]
[EventCountry "IND"]
[SourceTitle "playchess.com"]
[Source "ChessBase"]
[SourceQuality "1"]
[TimeControl "5400+30"]

1. d4 e6 2. c4 f5 3. g4 fxg4 4. e4 c5 5. d5 d6 6. Nc3 Nf6 7. h3 exd5 8. cxd5 a6 9. hxg4 Bxg4 10. f3 Bc8 11. Be3 b5 12. Nh3 Nbd7 13. a4 b4 14. Ne2 Ne5 15. Nef4 Be7 16. Nd3 Nxd3+ 17. Qxd3 Nh5 18. O-O-O Ng3 19. Rh2 Nxf1 20. Rxf1 c4 21. Qc2 b3 22. Qg2 Bxh3 23. Qxh3 Qd7 24. Bd4 Qe6 25. Qg4 Qxg4 26. Rh3 1-0

[Event "40th IND-chT Open 2020"]
[Site "Ahmedabad"]
[Date "2020.02.12"]
[Round "8.16"]
[White "Baivab Mishra"]
[Black "Adarsh Tripathi"]
[Result "1/2-1/2"]
[ECO "B38"]
[WhiteElo "2206"]
[BlackElo "2100"]
[Annotator "RC"]
[PlyCount "141"]
[EventDate "2020.02.05"]
[EventCountry "IND"]
[SourceTitle "playchess.com"]
[Source "ChessBase"]
[SourceQuality "1"]
[TimeControl "5400+30"]

1. d4 Nf6 2. c4 c5 3. Nf3 g6 4. Nc3 cxd4 5. Nxd4 Bg7 6. e4 d6 7. Be2 Nc6 8. Be3 O-O 9. O-O Nxd4 10. Bxd4 Bd7 11. Qd3 Bc6 12. b4 b6 13. Rac1 Rc8 14. Rfd1 Bb7 15. Qb1 Bh6 16. Rc2 Nxe4 17. Bd3 Nxc3 18. Bxc3 Qd7 19. h3 Bg7 20. Qc1 Bxc3 21. Rxc3 Qa4 22. a3 Qc6 23. Bf1 Rfd8 24. h4 d5 25. h5 dxc4 26. Re1 Qf6 27. Qe3 Rd3 28. Rxd3 cxd3 29. Qxd3 e6 30. Qd7 Rb8 31. Rd1 Bd5 32. Qxa7 Qd8 33. Qa6 Qg5 34. hxg6 hxg6 35. Qd3 Kg7 36. Qc3+ Qf6 37. Rc1 Qxc3 38. Rxc3 Ra8 39. f3 Kf6 40. Kf2 Ke5 41. Ke3 g5 42. g3 f5 43. f4+ gxf4+ 44. gxf4+ Kd6 45. Be2 Rh8 46. a4 Rh3+ 47. Kd2 Rh4 48. Ke3 e5 49. fxe5+ Kxe5 50. a5 Rxb4 51. axb6 Rxb6 52. Rc2 Rb3+ 53. Kf2 Kf4 54. Rd2 Be4 55. Ra2 Rh3 56. Rb2 Bd3 57. Rb4+ Be4 58. Rb2 Rh2+ 59. Kg1 Rg2+ 60. Kf1 Kg5 61. Rb3 Rh2 62. Ra3 Kh4 63. Rc3 f4 64. Ra3 Bf5 65. Rc3 Bh3+ 66. Ke1 Rg2 67. Bf1 Rg3 68. Rxg3 fxg3 69. Bb5 Bg2 70. Bd7 Kg5 71. Ke2 1/2-1/2

[Event "40th IND-chT Open 2020"]
[Site "Ahmedabad"]
[Date "2020.02.12"]
[Round "8.21"]
[White "Anadkat Kartavya"]
[Black "Chauhan, Joy"]
[Result "1-0"]
[ECO "B07"]
[WhiteElo "2152"]
[BlackElo "1864"]
[Annotator "ChessBase"]
[PlyCount "155"]
[EventDate "2020.02.05"]
[EventCountry "IND"]
[SourceTitle "playchess.com"]
[Source "ChessBase"]
[SourceQuality "1"]
[TimeControl "5400+30"]

1. e4 d6 2. d4 g6 3. Nc3 Bg7 4. h4 Nf6 5. f3 a6 6. Be3 b5 7. Bd3 Nbd7 8. g4 h6 9. h5 g5 10. Nge2 c5 11. e5 dxe5 12. dxc5 Bb7 13. Ng3 Qc7 14. Nce4 Rd8 15. Qe2 Bxe4 16. Nxe4 Nxe4 17. Bxe4 Nxc5 18. Bxc5 Qxc5 19. Qf2 Qxf2+ 20. Kxf2 e6 21. Rhd1 Ke7 22. Ke2 Rxd1 23. Rxd1 Rc8 24. c3 Rc7 25. Ra1 Rc4 26. Kd3 f5 27. gxf5 exf5 28. Bxf5 Rf4 29. Be4 Rh4 30. a4 bxa4 31. Rxa4 Rxh5 32. Rxa6 Rh3 33. Rg6 Kf7 34. Ke3 h5 35. b4 g4 36. Ra6 gxf3 37. Ra7+ Kf8 38. Bxf3 e4 39. Kxe4 Bxc3 40. b5 Rh4+ 41. Kd3 Be5 42. Be4 Rh2 43. Kc4 Rd2 44. Bd3 h4 45. Rh7 Bg3 46. b6 Rb2 47. b7 Kg8 48. Be4 Re2 49. Rxh4 Kf7 50. Rh7+ Kf6 51. Bd3 Rh2 52. Rd7 Rh8 53. Kb5 Ke6 54. Rg7 Be5 55. Bc4+ Kf6 56. Rf7+ Kg6 57. Rf3 Rh2 58. Ra3 Rb2+ 59. Kc6 Kf6 60. Ra8 Rb1 61. Re8 Bh2 62. Rh8 Bg3 63. Bb5 Rc1+ 64. Kd5 Rd1+ 65. Kc4 Rc1+ 66. Kd3 Rb1 67. b8=Q Bxb8 68. Rxb8 Kg7 69. Kd4 Kf6 70. Rb6+ Kg7 71. Kc5 Rd1 72. Bc4 Rd2 73. Bd5 Rh2 74. Kd6 Rh6+ 75. Be6 Rh2 76. Rb8 Re2 77. Ke7 Kh7 78. Kf6 1-0

[Event "40th IND-chT Open 2020"]
[Site "Ahmedabad"]
[Date "2020.02.12"]
[Round "8.22"]
[White "Jay Kundaliya"]
[Black "Bhatt, Jalpan"]
[Result "0-1"]
[ECO "B34"]
[WhiteElo "2071"]
[BlackElo "1983"]
[Annotator "NA"]
[PlyCount "94"]
[EventDate "2020.02.05"]
[EventCountry "IND"]
[SourceTitle "playchess.com"]
[Source "ChessBase"]
[SourceQuality "1"]
[TimeControl "5400+30"]

1. e4 c5 2. Nf3 Nc6 3. d4 cxd4 4. Nxd4 g6 5. Nc3 Bg7 6. Be3 Nf6 7. Nxc6 bxc6 8. e5 Ng8 9. f4 Nh6 10. Qd2 O-O {[%emt 0:01:27] B34: Sicilian: Accelerated Dragon with 5 Nc3: sidelines.} 11. O-O-O d6 12. h3 Nf5 13. Bf2 c5 14. Bc4 Bb7 15. Bd5 {[%emt 0:00:35] [#]} Qc7 $146 (15... Rb8 $15) ({Predecessor:} 15... Qb6 16. g4 Nd4 17. Bxd4 cxd4 18. Qxd4 Qa6 19. Qa4 Qb6 20. Qb3 Qe3+ 21. Kb1 Rab8 22. Bxb7 dxe5 {1-0 (41) Carnicelli,V (2307)-Debray,C (2368) Cutro 2018}) 16. g4 Nd4 $1 17. Bxb7 $1 Qxb7 18. Bxd4 cxd4 19. Qxd4 dxe5 20. fxe5 Rab8 21. Na4 (21. b3 $14) 21... Rfc8 22. Rh2 $2 (22. Rhe1 $1 $11) 22... Qb5 23. Qd7 $2 (23. b3 Bxe5 {[%mdl 64] Double Attack} 24. Qd2) 23... Qxe5 24. Rf2 Qe3+ 25. Rfd2 $2 (25. Qd2 Bh6 26. Qxe3 Bxe3+ 27. Rdd2) 25... Rd8 26. Qc7 Rbc8 27. Qb7 Rb8 $2 (27... Rxd2 {mates} 28. Qxc8+ Rd8+ {[%mdl 64] Discovered Attack} 29. Kb1 Rxc8 30. a3 Qe4 31. Rd3 Qxa4 32. Rb3 Qc4 33. Ka1 Qxc2 34. Ka2 {[#]} Qc4 $1 35. g5 Rb8 36. Kb1 Qxb3 37. Kc1 Rd8 38. h4 Qxb2#) 28. Qc7 $1 Be5 (28... Rxd2 $142 29. Qxb8+ Rd8+ {[%mdl 64] Discovered Attack} 30. Kb1 Rxb8 31. h4 {[#]} Qe4 $1 32. Kc1 Qf4+ 33. Kb1 Qxa4 34. b3 Qa3 35. c3 Rxb3+ $1 36. Kc2 Rxc3+ 37. Kd2 Rc2+ $1 {[%mdl 576] Decoy, Clearance} 38. Kxc2 Qc3+ 39. Kb1 Qb2#) 29. Qxe5 Qxe5 30. Rxd8+ Rxd8 31. Rxd8+ Kg7 32. b3 Qe3+ 33. Kb2 Qxh3 34. c4 Qxg4 35. c5 h5 36. Rd2 Qc8 37. b4 Qb7 38. Kb3 h4 39. Nc3 h3 40. b5 Qc7 41. c6 h2 42. Rd1 e6 43. a4 g5 44. Ne4 g4 45. Nd6 Kf8 46. Kb4 Ke7 $19 47. Nc4 g3 0-1

[Event "40th IND-chT Open 2020"]
[Site "Ahmedabad"]
[Date "2020.02.12"]
[Round "8.23"]
[White "Trivedi Karan R"]
[Black "Patel, Palak"]
[Result "1-0"]
[ECO "D02"]
[WhiteElo "1956"]
[BlackElo "1830"]
[Annotator "NA"]
[PlyCount "145"]
[EventDate "2020.02.05"]
[EventCountry "IND"]
[SourceTitle "playchess.com"]
[Source "ChessBase"]
[SourceQuality "1"]
[TimeControl "5400+30"]

1. d4 Nf6 2. Nf3 d5 3. c3 e6 4. Bf4 c5 5. e3 Nc6 6. Nbd2 cxd4 7. exd4 Bd6 8. Bg3 a6 9. Bd3 b5 10. b4 Bb7 11. a4 bxa4 12. Qxa4 O-O 13. O-O Bxg3 14. hxg3 Qd6 15. Rfe1 Nd7 16. Qc2 h6 17. Nb3 e5 18. dxe5 Ncxe5 19. Nxe5 Nxe5 20. Nc5 Bc8 21. Qe2 Nxd3 22. Qxd3 a5 23. Qd4 Be6 24. Rxa5 Rxa5 25. Nb7 Qa6 26. Nxa5 Rc8 27. Re3 Qb5 28. Nb3 Ra8 29. Re1 Ra3 30. Nc5 Qc6 31. Qe5 Kh8 32. Rd1 Kg8 33. Qd4 Qb5 34. Re1 Qc6 35. Rc1 Qb5 36. Qe3 Qc6 37. Qe5 Kh8 38. Nd3 Rb3 39. Qd4 Kg8 40. Ne5 Qa6 41. Qe3 Qa3 42. Nf3 Qa6 43. Nd4 Ra3 44. g4 Qc8 45. b5 Qc5 46. Qd2 Bd7 47. Qb2 Ra7 48. b6 Rb7 49. Rb1 Kf8 50. Qb4 Qxb4 51. Rxb4 Ke7 52. Nb3 Kd6 53. f3 Rb8 54. Kf2 Bc8 55. Ke3 Kc6 56. Na5+ Kc5 57. Kf4 f6 58. Kg3 g5 59. b7 Bd7 60. Kf2 f5 61. gxf5 Bxf5 62. Nb3+ Kd6 63. Rb6+ Kc7 64. Rxh6 Rxb7 65. Nd4 Rb2+ 66. Ke3 Bd7 67. g4 Rg2 68. Rg6 Bxg4 69. fxg4 Rxg4 70. Rxg5 Re4+ 71. Kd3 Kd6 72. c4 Re5 73. c5+ 1-0

[Event "40th IND-chT Open 2020"]
[Site "Ahmedabad"]
[Date "2020.02.12"]
[Round "8.24"]
[White "Chudasama Ankit"]
[Black "Sinha, Santosh Kumar"]
[Result "0-1"]
[ECO "D17"]
[WhiteElo "1824"]
[BlackElo "1942"]
[Annotator "NA RC"]
[PlyCount "42"]
[EventDate "2020.02.05"]
[EventCountry "IND"]
[SourceTitle "playchess.com"]
[Source "ChessBase"]
[SourceQuality "1"]
[TimeControl "5400+30"]

1. d4 d5 2. c4 c6 3. Nf3 Nf6 4. Nc3 dxc4 5. a4 Bf5 6. Ne5 e6 7. Nxc4 Bb4 {[%emt 0:00:30] [#]} 8. Ne3 $146 {[%emt 0:00:30] D17: Slav Defence: 5 a4 Bf5: Lines with 6 Nh4 and 6 Ne5.} (8. f3 $11) ({Predecessor:} 8. e3 O-O 9. Be2 c5 10. O-O cxd4 11. exd4 Nc6 12. Be3 Nd5 13. Qb3 a5 14. Rad1 Rc8 15. Bf3 Nce7 16. Nb5 {0-1 (31) Konopka,M (2421)-Spalir,J (2361) Zillertal 2015}) 8... Bg6 9. Nc2 Bxc2 10. Qxc2 Qxd4 11. e3 Qe4 12. Qb3 a5 13. Bd2 Qf5 14. f3 Nbd7 15. e4 Qc5 16. Ke2 (16. O-O-O $17 {was necessary.}) 16... Qh5 17. g4 $2 {[%emt 0:00:30] [#]} (17. Qc2) 17... Nxg4 $1 18. Na2 Nc5 19. Qc2 (19. fxg4 $142 Qxg4+ 20. Qf3 Qxf3+ {[%mdl 64] Overworked Piece} 21. Kxf3 Bxd2 22. Rg1) 19... Ne5 20. Nxb4 Nxf3 21. Qc3 Nxd2+ 0-1